 Dungeon Crawl Stone Soup version 0.29.1-2-gbd0b4ee654 (webtiles) character file.

Game seed: 6967816875654001421

183 cdecastro the Sneak (level 5, 0/25 HPs)
             Began as a Spriggan Brigand on Nov 7, 2022.
             Was a Believer of Fedhas.
             Slain by a river rat (6 damage)
             ... in a sewer.
             The game lasted 00:05:07 (2781 turns).

cdecastro the Sneak (Spriggan Brigand)              Turns: 2781, Time: 00:05:08

Health: 0/25       AC:  3    Str:  7    XL:     5   Next: 35%
Magic:  6/6        EV: 16    Int: 15    God:    Fedhas [**....]
Gold:   127        SH:  0    Dex: 16    Spells: 4/4 levels left

rFire   . . .      SeeInvis +   a - +2 dagger
rCold   . . .      Faith    .   (no shield)
rNeg    . . .      Spirit   .   b - +0 robe
rPois   .          Reflect  .   (helmet restricted)
rElec   .          Harm     .   c - +0 cloak
rCorr   .          Rampage  .   (gloves unavailable)
Will    .....                   (boots unavailable)
Stlth   ++++......              l - amulet of magic regeneration
HPRegen 0.08/turn               f - ring of wizardry
MPRegen 0.50/turn               (no ring)

@: very quick
A: very small, no large weapons, unfitting armour, see invisible, speed 3
a: Renounce Religion, Wall of Briars


You were in a sewer.
You worshipped Fedhas.
Fedhas was pleased with you.
You visited 1 branch of the dungeon, and saw 3 of its levels.
You also visited: Sewer.

You collected 127 gold pieces.

Inventory:

Hand Weapons
 a - a +2 dagger (weapon)
Missiles
 d - 9 poisoned darts (quivered)
 e - 5 curare-tipped darts
Armour
 b - a +0 robe (worn)
 c - a +0 cloak (worn)
Jewellery
 f - a ring of wizardry (left hand)
 l - an amulet of magic regeneration (around neck)
Scrolls
 g - 5 scrolls of identify {unknown}
 h - 4 scrolls of teleportation {unknown}
 m - a scroll of blinking {unknown}
Potions
 i - 2 potions of might {unknown}
 j - a potion of ambrosia {unknown}
 k - a potion of brilliance {unknown}


   Skills:
 - Level 1.5 Fighting
 - Level 2.1 Short Blades
 * Level 4.7 Throwing
 - Level 1.3 Dodging
 + Level 7.5 Stealth


You had 4 spell levels left.
You didn't know any spells.
Your spell library was empty.

Dungeon Overview and Level Annotations

Branches:
Dungeon (3/15)              Sewer (1/1)

Altars:
Fedhas


Innate Abilities, Weirdness & Mutations

You are very small and have problems with some larger weapons.
You are too small for most types of armour.
You have supernaturally acute eyesight. (SInv)
You cover ground extremely quickly. (Speed+++)


Message History

The poisoned dart misses the kobold brigand.
You hear a splash.
Throw: 11 darts (poison)
Press: ? - help, Q - select action, (/) - cycle Shift-Dir - straight line, f/p - kobold brigand
Aim: a kobold brigand, wielding a +0 short sword and quivering poisoned darts (lightly wounded, very poisoned, 55% to hit)
You throw a poisoned dart. The poisoned dart hits the river rat.
The river rat is poisoned.
You hear a splash.
Throw: 10 darts (poison)
Press: ? - help, Q - select action, (/) - cycle Shift-Dir - straight line, f/p - kobold brigand
Aim: a kobold brigand, wielding a +0 short sword and quivering poisoned darts (moderately wounded, poisoned, 55% to hit)
You throw a poisoned dart. The poisoned dart hits the river rat!
The river rat looks even sicker.
The river rat is lightly wounded.
You hear a splash.
You barely miss the river rat.
The river rat is lightly wounded.
The river rat bites you!
You hit the river rat.
The river rat is moderately wounded.
The river rat bites you!
* * * LOW HITPOINT WARNING * * *
You hit the river rat but do no damage.
The river rat is heavily wounded.
The river rat bites you.
* * * LOW HITPOINT WARNING * * *
You hit the river rat but do no damage.
The river rat is moderately wounded.
The river rat misses you.
You hit the river rat.
The river rat is severely wounded.
The river rat misses you.
You closely miss the river rat.
The river rat is severely wounded.
The kobold brigand looks more healthy.
You hit the river rat but do no damage.
The river rat is severely wounded.
The river rat bites you.
You die...
Fedhas appreciates your contribution to the ecosystem.

~~..~~~~.~~.########~~.~.#
~~~#####..~~.# #####~~ ~.
##.~..# ### . ##~~.# #.~.#
#.~.# ##~~~## #~~~~~#
#@###~# #r# #†# #K###~##
..~#~~)# ~#~#~#~# #~
(#~#~# #~ (#~#~# #. .#.#.#
#####


You could see a kobold brigand and a river rat (very poisoned).

Vanquished Creatures
  A kobold brigand (Sewer)
  A gnoll (D:1)
  2 river rats (Sewer)
  3 adders
  2 worms
  2 dart slugs
  An orc (D:2)
  8 ball pythons
  6 endoplasms
  A giant cockroach (D:3)
  7 hobgoblins (D:2)
  3 jackals (D:2)
  A quokka (D:1)
  6 bats
  2 frilled lizards
  2 goblins
  6 kobolds
  2 rats
56 creatures vanquished.

Notes
Turn   | Place    | Note
-------+----------+-------------------------------------------
     0 | D:1      | cdecastro the Spriggan Brigand began the quest for the Orb.
     0 | D:1      | Reached XP level 1. HP: 10/10 MP: 2/2
    81 | D:1      | Reached skill level 6 in Stealth
   286 | D:1      | Reached XP level 2. HP: 14/14 MP: 3/3
   429 | D:1      | Found a faded altar of an unknown god.
   958 | D:1      | Prayed at the altar of an unknown god.
   958 | D:1      | Became a worshipper of Fedhas Madash
   958 | D:1      | Reached * piety under Fedhas
   969 | D:2      | Reached XP level 3. HP: 18/18 MP: 4/4
  1728 | D:2      | Reached ** piety under Fedhas
  1739 | D:2      | Reached XP level 4. HP: 22/22 MP: 5/5
  1953 | D:3      | Found a glowing drain.
  1999 | Sewer    | Entered a sewer
  2038 | Sewer    | Reached skill level 7 in Stealth
  2342 | Sewer    | Noticed a kobold brigand
  2355 | Sewer    | Killed a kobold brigand
  2356 | Sewer    | Reached XP level 5. HP: 25/25 MP: 6/6
  2781 | Sewer    | Slain by a river rat

Illustrated notes

Levels and vault maps discovered:
D:1:      dpeg_arrival_tiny_f, layout_loops_cross, basic_ecumenical_altar
D:2:      minmay_chambers_of_ones, layout_rooms
D:3:      layout_loops_corners, overflow_temple_1_default, lemuel_crystal_altar,
          cheibrodos_sewer_entry_sluice
Sewer:    sewer_co_tree

Skill      XL: |  1  2  3  4 |
---------------+-------------+-----
Stealth        | 6 7 |  7.5
Throwing       | 3 4 |  4.7
Fighting       | |  1.5
Short Blades   | |  2.1
Dodging        | |  1.3

Action                   |  1- 3 |  4- 6 || total
-------------------------+-------+-------++-------
Melee: Dagger            |   104 |    47 ||   151
       Punch             |     1 |       ||     1
Throw: Dart              |     3 |    27 ||    30
 Stab: Sleeping          |    17 |     1 ||    18
Armor: Robe              |     9 |     2 ||    11
Dodge: Dodged            |    69 |    18 ||    87
